AoeStats
← willrhyd

Pilgrims

508681619Analyzed
3v3 RM · 9d ago on Sep 23, 2026· 16m 54s· 6 players
Game mode
Random Map
Map size
Normal (6 player)
Population
200
Speed
Normal
Resources
Standard
Victory
Conquest
Starting age
Dark Age
Ending age
Imperial Age
RankedLock teamsTeams togetherTeam positionsShared explorationLock speedFull tech treeHidden civsTurbo modeCheats
Victory
Defeat
🇦🇹 Varangians · Austria
1485
+11
🇬🇧 Celts · United Kingdom
1389
+14
🇨🇭 Danes · Switzerland
1367
+15
🇩🇪 Armenians · Germany
1381
-14
🇩🇪 Danes · Germany
1344
-13
🇩🇪 Persians · Germany
1343
-13
willrhyd
9:07 Feudal Age
9:40 Double-Bit Axe
16:17 Castle Age
15:08 Stone Mining
15:09 Gold Mining
17:12 Medium Warships
IRON MIKE
4:53 Loom
11:23 Feudal Age
12:21 Double-Bit Axe
12:28 Gold Mining
17:45 Castle Age
16:25 Fletching
lorddoc
6:31 Loom
11:21 Feudal Age
15:11 Castle Age
15:09 Fletching
15:57 Bodkin Arrow
Fürst Zono
7:43 Loom
10:36 Feudal Age
14:21 Castle Age
12:56 Fletching
15:01 Bodkin Arrow
15:34 Medium Warships
16:41 Double-Bit Axe
I hate Goths
3:15 Loom
9:57 Feudal Age
13:32 Castle Age
12:12 Double-Bit Axe
14:00 Scale Barding Armor
I love Koreans
3:53 Loom
9:54 Feudal Age
10:38 Double-Bit Axe
11:15 Fletching
16:16 Forging
Connection lost

Rejoining the realm…

Still unreachable

The connection could not be restored.

Session expired

The server has moved on; the page needs a fresh start.